 Dungeon Crawl Stone Soup version 0.29-a0-317-gd16b76e6b1 (webtiles) character file.

Game seed: 10404386383305973156

12743 Colgate the Fighter (level 9, -8/97 HPs)
             Began as a Naga Artificer on Mar 30, 2022.
             Was the Champion of Ru.
             Mangled by a cane toad (16 damage)
             ... on level 1 of the Lair of Beasts.
             The game lasted 01:28:36 (22997 turns).

Colgate the Fighter (Naga Artificer)               Turns: 22997, Time: 01:28:37

Health: -8/97      AC: 11    Str: 25    XL:     9   Next: 98%
Magic:  5/9        EV:  9    Int: 12    God:    Ru [******]
Gold:   756        SH:  0    Dex: 11    Spells: 8/8 levels left

rFire   + . .      SeeInvis +   a - +0 dire flail
rCold   . . .      Faith    +   (shield currently unavailable)
rNeg    . . .      Spirit   .   j - +3 leather armour {Will+}
rPois   +          Reflect  .   (no helmet)
rElec   .          Harm     .   (no cloak)
rCorr   .          Rampage  .   l - +2 pair of gloves {hurl}
Will    +....                   (no barding)
Stlth   ++++......              o - amulet of faith
HPRegen 0.26/turn               w - +6 ring of strength
MPRegen 0.11/turn               K - ring of protection from fire

@: exhausted, very slow
A: AC +3, large, see invisible, deformed body, poison resistance, slowness 2,
spit poison 1, no fire magic, no necromancy magic, no transmutations magic,
weak-willed 1, unskilled 1, inexperienced 1, naga tail 1, missing an eye
a: Spit Poison, Renounce Religion, Draw Out Power, Power Leap, Apocalypse


You were on level 1 of the Lair of Beasts.
You worshipped Ru.
Ru was exalted by your worship.
You visited 3 branches of the dungeon, and saw 12 of its levels.

You collected 756 gold pieces.

Inventory:

Hand Weapons
 a - a +0 dire flail (weapon)
 b - a +0 hunting sling
 F - a +2 morningstar
 G - a +2 morningstar of holy wrath
 P - the +4 dagger "Morg" {pain, Will+ Int+5}
   (You found it on level 9 of the Dungeon)

   In the hands of one skilled in necromantic magic, it inflicts extra damage on
   living creatures.
   Your inability to study Necromancy prevents you from drawing on the full
   power of this weapon.
   Int:       It affects your intelligence (+5).
   Will:      It increases your willpower.
Missiles
 r - a throwing net {!f}
Armour
 j - a +3 leather armour of willpower (worn)
 l - a +2 pair of gloves of hurling (worn)
Jewellery
 o - an amulet of faith (around neck)
 w - a +6 ring of strength (left hand)
 I - a +6 ring of intelligence
 J - a ring of wizardry
 K - a ring of protection from fire (right hand)
Wands
 c - a wand of flame (3)
 d - a wand of charming (15)
 e - a wand of iceblast (32) {@v2}
 D - a wand of digging (4) {@v3}
 H - a wand of polymorph (12)
Scrolls
 i - 3 scrolls of teleportation {@r3}
 m - a scroll of vulnerability
 n - a scroll of noise {unknown}
 q - 4 scrolls of immolation
 s - 2 scrolls of enchant armour
 u - a scroll of blinking {unknown}
 x - a scroll of summoning {unknown}
 y - a scroll of fear
 A - a scroll of amnesia
 C - a scroll of fog
 Q - a scroll of magic mapping {unknown}
Potions
 f - 3 potions of haste {@q4}
 g - 2 potions of cancellation
 h - 4 potions of mutation
 k - 4 potions of heal wounds {@q2}
 p - 3 potions of brilliance
 t - 2 potions of attraction
 v - 3 potions of ambrosia {unknown}
 z - 8 potions of curing {@q1}
 B - 2 potions of flight {unknown}
 E - a potion of might {@q3}
 L - 5 potions of degeneration
 M - 4 potions of lignification
 N - 3 potions of invisibility {unknown}
 O - a potion of magic {unknown}


   Skills:
 + Level 11.4 Fighting
 - Level 10.1 Maces & Flails
 - Level 4.0 Armour
 - Level 1.2 Dodging
 - Level 8.5 Stealth
 - Level 4.9 Evocations


You had 8 spell levels left.
You didn't know any spells.
Your spell library contained the following spells:

 Spells                   Type           Power      Damage    Failure   Level
 Shock                    Conj/Air       0%         1d3       36%         1
 Ensorcelled Hibernation  Hex/Ice        0%         N/A       50%         2
 Swiftness                Air            0%         N/A       73%         3
 Tukima's Dance           Hex            0%         N/A       73%         3
 Airstrike                Air            0%         N/A       98%         4
 Olgreb's Toxic Radiance  Pois           0%         N/A       98%         4
 Passage of Golubria      Tloc           0%         N/A       98%         4
 Ozocubu's Refrigeration  Ice            0%         4d5       100%        7
 Beastly Appendage        Tmut           Unusable   N/A       N/A         1
 Wereblood                Tmut           Unusable   N/A       N/A         2
 Spider Form              Tmut/Pois      Unusable   N/A       N/A         3
 Anguish                  Hex/Necr       Unusable   N/A       N/A         4
 Yara's Violent Unravell  Hex/Tmut       Unusable   3d3       N/A         5
 Ignition                 Fire           Unusable   3d3       N/A         8

Dungeon Overview and Level Annotations

Branches:
Dungeon (10/15)            Temple (1/1) D:6            Lair (1/6) D:10
    Orc (0/2) D:10

Altars:
Ashenzari
Cheibriados
Dithmenos
Elyvilon
Fedhas
Gozag
Hepliaklqana
Kikubaaqudgha
Makhleb
Nemelex Xobeh
Okawaru
Qazlal
Ru
Sif Muna
Trog
Uskayaw
Vehumet
Wu Jian
Xom
Yredelemnul
Zin
The Shining One

Annotations:
D:7 1 runed translucent door, ballabu's ghost, novice DsBe


Innate Abilities, Weirdness & Mutations

Your serpentine skin is tough. (AC +3)
You have supernaturally acute eyesight. (SInv)
Armour fits poorly on your strangely shaped body.
Your system is resistant to poisons. (rPois)
You cover ground very slowly.
You can spit poison.
You cannot study or cast Fire magic.
You cannot study or cast Necromancy magic.
You cannot study or cast Transmutations magic.
You are slightly weak-willed. (Will-)
You are somewhat unskilled. (-1 Apt)
You are somewhat inexperienced. (-2 XL)
You have a snake-like lower body.
You are missing an eye, making it more difficult to aim.


Message History

Magic restored.
You start waiting.
Done waiting.
A water moccasin comes into view.
The water moccasin hisses angrily.
The splash of poison misses the water moccasin.
Aiming: Power Leap You kill the water moccasin!
You start resting.
You have got your breath back.
You start resting.
You feel less exhausted.
Magic restored.
Found a leather armour.
A cane toad comes into view.
The splash of poison hits the cane toad.
The cane toad gives a loud, deep croak!
Aiming: Power Leap The cane toad stings you!
You barely miss the cane toad.
The cane toad stings you but does no damage.
You closely miss the cane toad.
You have got your breath back.
The cane toad is stunned by your conviction and fails to attack.
You miss the cane toad. The cane toad stings you!
You closely miss the cane toad. The cane toad stings you!
You are too injured to fight recklessly!
You are too injured to fight recklessly!
You are too injured to fight recklessly!
You barely miss the cane toad.
The cane toad stings you but does no damage.
You barely miss the cane toad. The cane toad barely misses you.
You miss the cane toad. The cane toad stings you!
You closely miss the cane toad. The cane toad stings you.
You closely miss the cane toad. The cane toad stings you!
* * * LOW HITPOINT WARNING * * *
You hit the cane toad but do no damage. The cane toad stings you!!
* * * LOW HITPOINT WARNING * * *
You miss the cane toad. The cane toad stings you!
You die...

........ .P. ........
P.# #....... ..# #
#...[..#.P# ########
#..F...... ....#..##
#...#.#
#.......########..##
.####.........##F..#
..#
##.##.......@##......
..# #########...#
....# ### ##### ####


You could see a cane toad.

Vanquished Creatures
  A centaur warrior (D:9)
  A two-headed ogre (D:10)
  Pikel (D:7)
  2 oklob plants (D:10)
  A black mamba (Lair:1)
  A kobold demonologist (D:10)
  2 trolls (D:9)
  Grinder (D:5)
  7 polar bears
  A wyvern (D:7)
  A wraith (D:6)
  8 yaks
  A steam dragon (D:7)
  Duvessa (D:5)
  3 water moccasins
  3 orc warriors
  6 black bears
  3 sky beasts
  5 ice beasts
  3 wolves
  4 centaurs
  A lemure (D:7)
  2 phantoms (D:6)
  A kobold brigand (D:9)
  A bullfrog (D:7)
  2 scorpions
  9 wights
  Dowan (D:5)
  7 killer bees (D:7)
  8 electric eels
  A gnoll shaman (D:7)
  6 hounds
  6 jellies
  6 orc priests
  9 orc wizards
  Natasha (thrice) (D:4)
  8 iguanas
  7 centaur simulacra
  3 gnolls (D:4)
  7 adders
  2 shadow imps
  11 white imps
  A howler monkey simulacrum (D:10)
  3 ufetubi
  A worm (D:3)
  3 dart slugs
  43 orcs
  An endoplasm (D:4)
  5 giant cockroaches
  7 goblins
  6 hobgoblins
  10 jackals
  5 quokkas
  3 ball pythons
  6 bats (D:2)
  5 frilled lizards
  18 kobolds
  8 rats
282 creatures vanquished.

Vanquished Creatures (others)
  A wolf (D:10)
  A kobold brigand (D:8)
  A scorpion (D:6)
  A wight (D:6)
  2 orcs (D:8)
  7 fungi (D:6)
  15 plants (D:10)
  5 toadstools (D:6)
33 creatures vanquished.

Grand Total: 315 creatures vanquished

Notes
Turn   | Place    | Note
-------+----------+-------------------------------------------
     0 | D:1      | Colgate the Naga Artificer began the quest for the Orb.
     0 | D:1      | Reached XP level 1. HP: 18/18 MP: 1/1
   462 | D:1      | Reached XP level 2. HP: 25/25 MP: 2/2
   497 | D:1      | You fall into a shaft and drop 1 floor!
  1269 | D:2      | Found a faded altar of an unknown god.
  1275 | D:2      | Prayed at the altar of an unknown god.
  1275 | D:2      | Became a worshipper of Ru the Awakened
  1306 | D:2      | Gained mutation: You are slightly weak-willed. (Will-) [Ru
                  | sacrifice]
  1306 | D:2      | Reached * piety under Ru
  1306 | D:2      | Reached ** piety under Ru
  1429 | D:2      | Reached XP level 3. HP: 31/31 MP: 3/3
  1746 | D:2      | Reached skill level 2 in Fighting
  2481 | D:2      | Found a sacrificial altar of Ru.
  3126 | D:3      | Reached skill level 5 in Stealth
  3302 | D:3      | Reached XP level 4. HP: 39/39 MP: 4/4
  5337 | D:4      | Noticed Natasha
  5342 | D:4      | Killed Natasha
  5343 | D:4      | Reached XP level 5. HP: 45/45 MP: 5/5
  5399 | D:4      | Noticed a black bear
  5497 | D:4      | Reached skill level 3 in Fighting
  5594 | D:4      | Noticed a black bear
  5594 | D:4      | Noticed Natasha
  5651 | D:4      | Reached XP level 6. HP: 57/57 MP: 6/6
  5773 | D:4      | Reached skill level 4 in Fighting
  5865 | D:4      | Gained mutation: You cannot study or cast Fire magic. [Ru
                  | sacrifice]
  5865 | D:4      | Gained mutation: You cannot study or cast Transmutations
                  | magic. [Ru sacrifice]
  5865 | D:4      | Gained mutation: You cannot study or cast Necromancy magic.
                  | [Ru sacrifice]
  5865 | D:4      | Reached *** piety under Ru
  5913 | D:4      | Killed Natasha
  6206 | D:4      | Killed a black bear
  6294 | D:4      | Killed a black bear
  6295 | D:4      | Reached XP level 7. HP: 29/64 MP: 7/7
  7213 | D:4      | Noticed Natasha
  7221 | D:4      | Killed Natasha
  7727 | D:5      | Entered Level 5 of the Dungeon
  8281 | D:5      | Reached skill level 5 in Evocations
  8385 | D:5      | Noticed Dowan
  8521 | D:5      | Reached XP level 8. HP: 70/73 MP: 8/8
  8568 | D:5      | Reached skill level 5 in Fighting
  8683 | D:5      | Noticed Grinder
  9455 | D:6      | Found a staircase to the Ecumenical Temple.
  9476 | Temple   | Entered the Ecumenical Temple
 10009 | D:6      | Reached skill level 6 in Fighting
 10302 | D:6      | Reached skill level 7 in Fighting
 10306 | D:6      | Reached skill level 1 in Maces & Flails
 10342 | D:6      | Reached XP level 9. HP: 22/79 MP: 9/9
 10731 | D:6      | Gained mutation: You are somewhat unskilled. (-1 Apt) [Ru
                  | sacrifice]
 10731 | D:6      | Reduced skill Fighting to level 6
 10731 | D:6      | Reduced skill Armour to level 1
 10731 | D:6      | Reached **** piety under Ru
 11014 | D:6      | Reached skill level 5 in Maces & Flails
 12718 | D:7      | Reached XP level 10. HP: 90/92 MP: 10/10
 13321 | D:5      | Killed Dowan
 13371 | D:5      | Noticed Duvessa
 13382 | D:5      | Killed Duvessa
 13580 | D:5      | Paralysed by Grinder for 5 turns
 13590 | D:5      | Killed Grinder
 13724 | D:7      | Found a runed translucent door.
 13727 | D:7      | Found a shimmering altar of Xom.
 13727 | D:7      | Noticed ballabu's ghost (novice DsBe)
 13728 | D:7      | Noticed a +1 short sword of chaos
 13787 | D:7      | Gained mutation: You are somewhat inexperienced. (-2 XL)
                  | [Ru sacrifice]
 13787 | D:7      | Reached XP level 9. HP: 85/85 MP: 9/9
 13787 | D:7      | Reached XP level 8. HP: 78/78 MP: 8/8
 13787 | D:7      | Reached ***** piety under Ru
 13857 | D:7      | Noticed Pikel
 13858 | D:7      | Killed Pikel
 14825 | D:8      | Reached skill level 10 in Maces & Flails
 15313 | D:8      | Reached skill level 7 in Fighting
 15797 | D:8      | Gained mutation: You are missing an eye, making it more
                  | difficult to aim. [Ru sacrifice]
 15797 | D:8      | Reached ****** piety under Ru
 16871 | D:9      | Noticed a centaur warrior
 16877 | D:9      | Killed a centaur warrior
 16878 | D:9      | Reached skill level 8 in Fighting
 16989 | D:9      | Found a hide-covered altar of Uskayaw.
 17033 | D:9      | Found the +4 dagger "Morg" {pain, Will+ Int+5}
 17523 | D:9      | Reached skill level 1 in Dodging
 17523 | D:9      | Reached XP level 9. HP: 59/90 MP: 9/9
 18533 | D:9      | Found a hide-covered altar of Uskayaw.
 18629 | D:10     | Entered Level 10 of the Dungeon
 19091 | D:10     | Reached skill level 9 in Fighting
 19231 | D:9      | Found a blossoming altar of Fedhas.
 19485 | D:10     | Noticed a two-headed ogre
 20870 | D:10     | Killed a two-headed ogre
 20871 | D:10     | Reached skill level 10 in Fighting
 21957 | D:10     | Noticed an oklob plant
 22023 | D:10     | Noticed an oklob plant
 22054 | D:10     | Found a staircase to the Orcish Mines.
 22379 | D:10     | Found a staircase to the Lair.
 22450 | D:10     | Killed an oklob plant
 22451 | D:10     | Reached skill level 11 in Fighting
 22590 | D:10     | Killed an oklob plant
 22656 | Lair:1   | Entered Level 1 of the Lair of Beasts
 22997 | Lair:1   | Mangled by a cane toad

Illustrated notes

Levels and vault maps discovered:
D:1:      minmay_arrival_open_corners, layout_loops_corners, minivault_11,
          minmay_misc_feat_doors
D:2:      layout_loops_cross, basic_ecumenical_altar, minmay_cupped
D:3:      layout_loops_corners
D:4:      layout_loops_ring, minmay_misc_feat_iff, uniq_natasha
D:5:      layout_basic, uniq_grinder, uniq_duvessa
D:6:      minmay_general_purpose_star, layout_loops_ring,
          minmay_temple_entry_statues_fountains, minmay_misc_feat_room,
          minmay_gold_behind_fungi, grunt_ministairs_13, minmay_alternating_orb
D:7:      layout_loops_corners, ebering_ghost_xom, kennysheep_potato, uniq_pikel
D:8:      layout_basic, serial_ice, serial_ice_l, serial_ice_m, serial_ice_n,
          serial_ice_a
D:9:      nicolae_cairo_tiling_large, layout_loops_cross,
          nicolae_overflow_hidden_temple
D:10:     layout_rooms, dpeg_oklobed_lair, david_orc_2, serial_ice,
          serial_ice_m, serial_ice_o, serial_ice_b, serial_ice_e, serial_ice_d,
          serial_ice_f, serial_ice_h, serial_ice_j, serial_ice_g, serial_ice_c
Temple:   mainiacjoe_temple_cubbyholes
Lair:1:   layout_cave_pods

Skill      XL: |  1  2  3  4  5  6  7  8  9 10 |
---------------+-------------------------------+-----
Stealth        | 3 4 5 7 9 8 |  8.5
Fighting       | 2 3 4 8 11 | 11.4
Evocations     | 5 4 |  4.9
Armour         | 2 4 |  4.0
Maces & Flails | 10 8 9 | 10.1
Dodging        | 1 |  1.2

Action                   |  1- 3 |  4- 6 |  7- 9 | 10-12 || total
-------------------------+-------+-------+-------+-------++-------
Melee: Unarmed           |     3 |       |       |       ||     3
       Mace              |    16 |       |       |       ||    16
       Dagger            |     1 |       |       |       ||     1
       Quarterstaff      |     2 |    37 |   117 |       ||   156
       Dire flail        |       |       |   342 |    24 ||   366
 Fire: Hunting sling     |     1 |     8 |       |     2 ||    11
Invok: Sacrifice Essence |     1 |       |       |       ||     1
       Sacrifice Arcana  |       |     1 |       |       ||     1
       Power Leap        |       |       |    50 |     5 ||    55
       Apocalypse        |       |       |     3 |       ||     3
       Draw Out Power    |       |       |     2 |       ||     2
       Sacrifice Experie |       |       |     1 |       ||     1
       Sacrifice an Eye  |       |       |     1 |       ||     1
       Sacrifice Skill   |       |       |     1 |       ||     1
 Abil: Spit Poison       |    55 |    54 |   214 |    12 ||   335
Evoke: Wand              |       |     2 |    21 |       ||    23
  Use: Scroll            |       |       |    16 |       ||    16
       Potion            |       |       |     1 |       ||     1
 Stab: Sleeping          |     1 |       |     2 |       ||     3
       Invisible         |       |     2 |     1 |     1 ||     4
       Paralysed         |       |       |     4 |       ||     4
       Distracted        |       |       |     3 |       ||     3
Armor: Leather armour    |     6 |     4 |   268 |     4 ||   282
Dodge: Dodged            |    10 |    14 |   191 |     8 ||   223

Table legend: (Time is in decaauts)
 A = Elapsed time spent in this place.
 B = Non-inter-level travel time spent in this place.
 C = Inter-level travel time spent in this place.
 D = Time resting spent in this place.
 E = Time spent auto-exploring this place.
 F = Levels seen in this place.
 G = Mean time per level.
                   A        B        C        D        E       F      G
               +--------+--------+--------+--------+--------+-----+--------+
         Total |  28633 |  26967 |   1666 |   2880 |  20472 |  12 | 2386.1 |
       Dungeon |  27641 |  26011 |   1630 |   2704 |  19762 |  10 | 2764.1 |
        Temple |    612 |    576 |     36 |      0 |    553 |   1 |  612.0 |
          Lair |    379 |    379 |      0 |    176 |    155 |   1 |  379.0 |
               +--------+--------+--------+--------+--------+-----+--------+

Top non-repeatable levels by time:
     D:9: 5262 daAuts
     D:4: 3233 daAuts
     D:3: 3130 daAuts
     D:6: 2759 daAuts
     D:5: 2730 daAuts
     D:7: 2715 daAuts
     D:2: 2116 daAuts
     D:8: 2104 daAuts
    D:10: 1951 daAuts
     D:1: 1636 daAuts
  Temple: 612 daAuts
  Lair:1: 379 daAuts
